Map: [ESL] Data-C

Players

Hellraiser

  • Race: Protoss Protoss
  • Spawn Location: 9:00

HeroMarine - Winner!

  • Race: Terran Terran
  • Spawn Location: 3:00

Event: DreamHack SC2 Masters 2022 Atlanta (Online)

VOD

Have the link to the VOD?

Description

Time

  • Played on: Oct. 5, 2022, 1:57 p.m.
  • Length: 8:32

All games in this series

Show
View Real Time Build Order
Export as new Build Order

Hellraiser Protoss 

Build Orders: 1 Gate Expand, Phoenix Opening 

Get SALT Encoding   

  12  0:00  Probe  
  13  0:12  Probe  
  14  0:17  Pylon  
  14  0:24  Probe (Chrono Boost)  
  16  0:36  Probe (Chrono Boost)  
  16  0:38  Gateway  
  16  0:43  Probe (Chrono Boost)  
  16  0:46  Assimilator  
  17  0:50  Probe  
  18  1:03  Probe  
  19  1:15  Probe  
  20  1:25  Cybernetics Core  
  21  1:35  Nexus  
  20  1:42  Pylon  
  20  1:43  Probe  
  21  1:53  Assimilator  
  21  1:55  Probe (Chrono Boost)  
  21  1:59  Stalker (Chrono Boost)  
  22  2:08  Probe (Chrono Boost)  
  24  2:16  Probe (Chrono Boost)  
  24  2:22  Probe  
  25  2:26  Stargate  
  26  2:31  Adept  
  26  2:34  Probe  
  29  2:47  Probe (Chrono Boost)  
  29  2:51  Shield Battery  
  31  2:52  Probe (Chrono Boost)  
  31  2:56  Probe (Chrono Boost)  
  33  3:00  Probe (Chrono Boost)  
  33  3:01  Adept, Probe (Chrono Boost)  
  36  3:10  Phoenix (Chrono Boost)  
  36  3:12  Probe  
  39  3:14  Probe  
  40  3:24  Probe  
  40  3:26  Probe  
  42  3:27  Robotics Facility  
  42  3:30  Assimilator  
  42  3:34  Phoenix  
  44  3:38  Pylon  
  44  3:40  Probe  
  45  3:41  Probe  
  45  3:45  Warp Gate  
  45  3:47  Assimilator  
  46  3:56  Probe x2  
  46  3:58  Phoenix (Chrono Boost)  
  50  4:06  Pylon  
  50  4:08  Probe x2  
  53  4:20  Probe  
  53  4:22  Shield Battery  
  53  4:24  Immortal (Chrono Boost), Probe  
  55  4:30  Phoenix  
  60  4:32  Probe  
  61  4:43  Pylon  
  61  4:47  Shield Battery  
  61  4:52  Probe  
  58  4:55  Phoenix  
  58  4:56  Probe  
  57  5:01  Immortal (Chrono Boost)  
  57  5:04  Probe  
  62  5:17  Probe  
  62  5:18  Probe  
  62  5:20  Phoenix (Chrono Boost)  
  64  5:22  Robotics Bay  
  64  5:23  Gateway  
  64  5:30  Probe  
  61  5:38  Immortal (Chrono Boost)  
  61  5:41  Probe  
  62  5:45  Probe, Stalker  
  56  5:53  Probe  
  54  5:57  Probe  
  54  6:01  Phoenix  
  57  6:05  Probe  
  57  6:09  Probe  
  57  6:11  Observer (Chrono Boost)  
  59  6:14  Stalker  
  59  6:17  Probe  
  59  6:18  Stalker  
  65  6:19  Pylon  
  65  6:21  Probe  
  66  6:25  Nexus  
  66  6:28  Phoenix  
  66  6:29  Probe  
  66  6:30  Observer (Chrono Boost)  
  70  6:37  Probe  
  71  6:43  Shield Battery  
  71  6:44  Gateway x2  
  72  6:53  Colossus (Chrono Boost)  
  77  7:01  Pylon  
  77  7:03  Probe  
  77  7:06  Pylon  
  77  7:08  Probe  
  78  7:16  Robotics Facility  
  78  7:19  Phoenix, Probe  
  78  7:20  Shield Battery  
  78  7:21  Probe  
  82  7:31  Probe  
  82  7:33  Probe, Assimilator  
  84  7:37  Forge  
  84  7:38  Disruptor (Chrono Boost), Assimilator  
  84  7:39  Probe  
  84  7:42  Stalker x2  
  84  7:44  Probe  
  93  7:45  Probe  
  93  7:46  Phoenix  
  96  7:51  Probe  
  96  7:56  Probe, Pylon  
  98  7:59  Probe  
  98  8:02  Disruptor (Chrono Boost)  
  102  8:06  Pylon  
  102  8:09  Twilight Council  
  102  8:12  Probe  
  106  8:14  Pylon  
Show
View Real Time Build Order
Export as new Build Order

HeroMarine Terran - Winner!

Build Orders:  

Get SALT Encoding   

  12  0:00  SCV  
  13  0:12  SCV  
  14  0:17  Supply Depot  
  14  0:24  SCV  
  15  0:38  SCV  
  15  0:40  Barracks  
  16  0:43  Refinery  
  16  0:50  SCV  
  16  0:53  Refinery  
  17  1:02  SCV  
  18  1:05  Supply Depot  
  18  1:15  SCV  
  19  1:27  Reaper  
  19  1:29  Orbital Command  
  20  1:45  Factory  
  20  1:55  SCV  
  20  1:59  Barracks Reactor  
  21  2:07  SCV  
  22  2:18  Command Center  
  22  2:21  SCV  
  23  2:32  Starport  
  23  2:33  SCV  
  24  2:37  Widow Mine  
  24  2:42  Marine  
  27  2:44  Marine  
  27  2:45  SCV  
  29  2:57  SCV  
  31  3:07  Supply Depot, Factory Tech Lab  
  31  3:11  SCV  
  31  3:28  Medivac, Marine x2  
  31  3:29  Cyclone, SCV  
  31  3:31  Orbital Command  
  39  3:41  SCV  
  40  3:46  Marine x2  
  40  3:47  Supply Depot  
  42  3:53  SCV  
  43  3:57  SCV  
  43  3:58  Viking  
  43  4:01  Cyclone  
  49  4:04  Marine x2  
  49  4:09  SCV x2  
  53  4:18  Supply Depot  
  53  4:21  SCV x2  
  53  4:22  Marine x2  
  57  4:33  Cyclone, Viking  
  62  4:40  SCV x2, Marine  
  62  4:41  Marine  
  66  4:52  SCV x2  
  64  4:55  Command Center  
  64  4:57  Marine  
  64  4:59  Marine  
  65  5:04  SCV x2  
  64  5:15  Marine  
  64  5:16  SCV  
  64  5:17  Marine  
  64  5:19  Barracks, Siege Tank  
  69  5:22  SCV  
  69  5:23  Engineering Bay, Barracks  
  69  5:29  SCV  
  69  5:33  Marine  
  70  5:38  Marine  
  70  5:41  SCV x2  
  64  5:51  Siege Tank, Marine  
  64  5:53  SCV x2  
  64  5:54  Terran Infantry Weapons Level 1  
  64  5:55  Refinery x2  
  64  5:56  Marine  
  67  5:58  Starport Tech Lab  
  67  6:05  SCV x2  
  67  6:08  Orbital Command  
  67  6:09  Marine  
  70  6:12  Barracks  
  70  6:13  Barracks, Marine  
  70  6:17  SCV x2  
  73  6:22  Stimpack, Marine, Starport Reactor  
  74  6:26  Marine  
  74  6:27  Orbital Command  
  74  6:28  Combat Shield  
  74  6:29  SCV x2, Missile Turret  
  74  6:31  Missile Turret, Marine x2  
  79  6:33  Factory Reactor  
  79  6:40  Marine  
  79  6:41  SCV x2  
  79  6:44  Marine  
  83  6:47  Supply Depot  
  83  6:48  Supply Depot  
  83  6:52  Supply Depot  
  83  6:53  Supply Depot, SCV x2  
  85  6:55  Refinery  
  85  6:56  Refinery  
  85  6:58  Missile Turret  
  85  7:00  Barracks Reactor, Barracks Tech Lab  
  85  7:09  SCV x3, Medivac x2, Starport  
  92  7:16  Supply Depot  
  92  7:17  Marauder  
  92  7:18  Marauder  
  92  7:21  SCV x3  
  92  7:22  Marauder, Marine  
  101  7:23  Marine  
  102  7:33  SCV x3  
  102  7:37  Marine x2  
  105  7:39  Medivac x2  
  111  7:45  SCV x3  
  111  7:49  Marauder  
  111  7:50  Marauder x2  
  120  7:57  Command Center, SCV  
  121  7:59  Armory  
  121  8:02  Engineering Bay  
  125  8:13  Ghost Academy  
Tags
 
Add a new tag
Caveats
  • Supply blocks, unpowered buildings, or Contaminate may cause inaccurate times.
  • Supply counts are checked every 10 seconds.